 Dungeon Crawl Stone Soup version 0.27.0-1-g7a089689b8 (webtiles) character file.

Game seed: 10451517059787213867

7840 dipablo the Blocker (level 11, -3/89 HPs)
             Began as a Gnoll Fighter on Aug 5, 2021.
             Was an Initiate of Cheibriados.
             Shot with an arrow by a centaur warrior (13 damage)
             ... on level 9 of the Dungeon.
             The game lasted 00:22:40 (11183 turns).

dipablo the Blocker (Gnoll Fighter)                Turns: 11183, Time: 00:22:41

Health: -3/89      AC: 15    Str: 19    XL:     11   Next: 21%
Magic:  20/20      EV: 15    Int: 12    God:    Cheibriados [......]
Gold:   391        SH: 11    Dex: 13    Spells: 19/22 levels left

rFire    . . .     SeeInvis .   s - +10 spear of Symmetry {vorpal, Str+3}
rCold    . . .     Faith    .   c - +0 kite shield
rNeg     . . .     Spirit   .   M - +0 plate armour
rPois    .         Reflect  .   (no helmet)
rElec    .         Harm     .   (no cloak)
rCorr    .         Rampage  .   j - +0 pair of gloves
Will     .....                  (no boots)
Stlth    ..........             (no amulet)
HPRegen  0.24/turn              C - +4 ring of evasion
MPRegen  0.17/turn              K - +4 ring of evasion

@: very slow
A: fangs 1, strong nose, distributed training
a: Renounce Religion, Bend Time


You were on level 9 of the Dungeon.
You worshipped Cheibriados.
Cheibriados was noncommittal.
You visited 2 branches of the dungeon, and saw 10 of its levels.

You collected 391 gold pieces.

Inventory:

Hand Weapons
 a - a +0 rapier
 s - the +10 spear of Symmetry (weapon) {vorpal, Str+3}
   (You found it on level 4 of the Dungeon)

   It inflicts extra damage upon your enemies.
   Str:       It affects your strength (+3).
Missiles
 i - 44 sling bullets
 q - 45 poisoned darts (quivered)
 v - 36 bolts
 A - 6 boomerangs
 D - 5 throwing nets
 E - 6 silver boomerangs
Armour
 c - a +0 kite shield (worn)
 j - a +0 pair of gloves (worn)
   (You found it on level 2 of the Dungeon)
 M - a +0 plate armour (worn)
   (You took it off an orc warrior on level 8 of the Dungeon)
Jewellery
 x - a ring of willpower
   (You found it on level 6 of the Dungeon)
 C - a +4 ring of evasion (left hand)
   (You found it on level 7 of the Dungeon)
 J - a +6 ring of strength
   (You found it on level 7 of the Dungeon)
 K - a +4 ring of evasion (right hand)
   (You found it on level 7 of the Dungeon)
Wands
 t - a wand of flame (26)
   (You found it on level 5 of the Dungeon)
 w - a wand of polymorph (8)
   (You found it on level 6 of the Dungeon)
 y - a wand of acid (1)
   (You found it on level 6 of the Dungeon)
 B - a wand of paralysis (11)
   (You found it on level 7 of the Dungeon)
 G - a wand of iceblast (14)
   (You took it off Joseph on level 7 of the Dungeon)
Scrolls
 d - 2 scrolls of fog {unknown}
 h - 2 scrolls of teleportation {unknown}
 k - a scroll of acquirement {unknown}
 n - 9 scrolls of identify {unknown}
 o - a scroll of enchant armour {unknown}
 p - 2 scrolls of vulnerability {unknown}
 r - 3 scrolls of magic mapping {unknown}
 z - 2 scrolls of amnesia {unknown}
 F - a scroll of fear {unknown}
 H - a scroll of enchant weapon {unknown}
 I - 2 scrolls of noise {unknown}
Potions
 b - 2 potions of brilliance
 e - a potion of haste {unknown}
 f - 3 potions of magic {unknown}
 g - 3 potions of lignification
 l - 3 potions of heal wounds {unknown}
 m - 4 potions of curing {unknown}
 u - 2 potions of resistance {unknown}
 L - a potion of ambrosia {unknown}


   Skills:
 + Level 9.0 Fighting
 + Level 7.7 Short Blades
 + Level 6.1 Long Blades
 + Level 6.1 Axes
 + Level 6.1 Maces & Flails
 + Level 6.1 Polearms
 + Level 6.1 Staves
 + Level 6.1 Slings
 + Level 6.1 Bows
 + Level 6.1 Crossbows
 + Level 6.1 Throwing
 + Level 9.0 Armour
 + Level 6.1 Dodging
 + Level 6.1 Stealth
 + Level 9.0 Shields
 + Level 6.1 Unarmed Combat
 + Level 6.1 Spellcasting
 + Level 5.0 Conjurations
 + Level 5.0 Hexes
 + Level 5.0 Summonings
 + Level 5.0 Necromancy
 + Level 5.0 Translocations
 + Level 5.0 Transmutations
 + Level 5.0 Fire Magic
 + Level 5.0 Ice Magic
 + Level 5.0 Air Magic
 + Level 5.0 Earth Magic
 + Level 5.0 Poison Magic
 + Level 6.6 Invocations
 + Level 6.1 Evocations


You had 19 spell levels left.
You knew the following spells:

 Your Spells              Type           Power      Damage    Failure   Level
a - Portal Projectile     Hex/Tloc       30%        N/A       97%         3

Your spell library contained the following spells:

 Spells                   Type           Power      Damage    Failure   Level
 Animate Skeleton         Necr           30%        N/A       71%         1
 Corona                   Hex            16%        N/A       71%         1
 Pain                     Necr           60%        1d7       71%         1
 Ensorcelled Hibernation  Hex/Ice        30%        N/A       85%         2
 Static Discharge         Conj/Air       15%        N/A       85%         2
 Sublimation of Blood     Necr           7%         N/A       85%         2
 Call Canine Familiar     Summ           15%        N/A       97%         3
 Tukima's Dance           Hex            15%        N/A       97%         3
 Vampiric Draining        Necr           7%         2d7       97%         3
 Animate Dead             Necr           7%         N/A       100%        4
 Dispel Undead            Necr           15%        3d10      100%        4
 Leda's Liquefaction      Hex/Erth       7%         N/A       100%        4
 Petrify                  Tmut/Erth      15%        N/A       100%        4
 Sticky Flame             Conj/Fire      15%        2d4       100%        4
 Borgnjor's Vile Clutch   Necr/Erth      7%         N/A       100%        5
 Irradiate                Conj/Tmut      7%         3d16      100%        5
 Death Channel            Necr           7%         N/A       100%        6


Dungeon Overview and Level Annotations

Branches:
Dungeon (9/15)             Temple (1/1) D:5
   Lair: D:8-11         Orc: D:9-12

Altars:
Ashenzari
Cheibriados
Dithmenos
Elyvilon
Fedhas
Gozag
Hepliaklqana
Kikubaaqudgha
Makhleb
Nemelex Xobeh
Okawaru
Qazlal
Ru
Sif Muna
Trog
Uskayaw
Vehumet
Wu Jian
Xom
Yredelemnul
Zin
The Shining One

Shops:
D:1 [   D:4 (   D:6 **   D:8 =


Innate Abilities, Weirdness & Mutations

You have very sharp teeth.
Your uncanny sense of smell can sniff out nearby items.
Your experience applies equally to all skills.


Message History

The deep elf pyromancer casts a spell.
The helpless meliai fails to defend itself.
You puncture the meliai! You bite the meliai.
You feel very sick.
The helpless meliai fails to defend itself.
You puncture the meliai!
You kill the meliai!
You feel sick.
The manticore flicks its tail.
The volley of spikes misses you.
Your Conjurations skill increases to level 5!
Your Hexes skill increases to level 5!
Your Summonings skill increases to level 5!
Your Necromancy skill increases to level 5!
Your Translocations skill increases to level 5!
Your Transmutations skill increases to level 5!
Your Fire Magic skill increases to level 5!
Your Ice Magic skill increases to level 5!
Your Air Magic skill increases to level 5!
Your Earth Magic skill increases to level 5!
Your Poison Magic skill increases to level 5!
Aim: a manticore (will become a queen bee, a death drake, or a moth of wrath, chance to affect: 47%)
Okay, then.
Aim: a manticore The mass of ice explodes!
The iceblast engulfs the manticore!
The iceblast engulfs the fire elemental.
The fire elemental is frozen!
You feel sick.
You hear a roar!
You hear a horrible gurgling sound!
You hit the manticore.
You feel sick. The manticore bites you!
The manticore claws you but does no damage. x2
You barely miss the manticore.
You feel sick. The manticore completely misses you.
You block the manticore's attack. The manticore closely misses you.
You hit the manticore but do no damage.
You feel sick. The manticore misses you. You block the manticore's attack.
The manticore claws you.
You hit the manticore.
You feel sick. The manticore barely misses you. x2
The manticore claws you but does no damage.
You hit the manticore.
You feel sick. The manticore misses you.
The manticore claws you but does no damage.
The manticore misses you.
You hit the manticore.
You feel sick. The manticore bites you.
The manticore claws you but does no damage. x2
You hit the manticore.
You feel sick.
You are no longer poisoned.
The manticore closely misses you.
The manticore claws you but does no damage. x2
You hit the manticore.
The deep elf pyromancer gestures wildly while chanting.
The deep elf pyromancer blinks!
The manticore barely misses you. You block the manticore's attack. x2
You hit the manticore.
You kill the manticore!
Cheibriados appreciates the change of pace.
You closely miss the fire elemental. The fire elemental closely misses you.
The deep elf pyromancer casts a spell.
You hit the fire elemental. The fire elemental barely misses you.
You barely miss the fire elemental. The fire elemental hits you.
The fire elemental burns you!
You hit the fire elemental. You block the fire elemental's attack.
You hit the fire elemental. The fire elemental hits you.
The fire elemental burns you! The fire elemental barely misses you.
You puncture the fire elemental!
The deep elf pyromancer mumbles some strange words.
The deep elf pyromancer blinks!
You block the fire elemental's attack.
You puncture the fire elemental!
You destroy the fire elemental!
Throw: 49 darts (poison)
Aim: a deep elf pyromancer, wielding a +0 long sword (flame, 53% to hit)
You throw a poisoned dart.
The poisoned dart closely misses the fire elemental.
The poisoned dart barely misses the deep elf pyromancer.
The deep elf pyromancer is engulfed in blazing flames.
Throw: 48 darts (poison)
Aim: a deep elf pyromancer, wielding a +0 long sword (flame, heavily wounded, 54% to hit)
You throw a poisoned dart.
The poisoned dart barely misses the fire elemental.
The poisoned dart barely misses the deep elf pyromancer.
A centaur warrior comes into view.
The deep elf pyromancer is engulfed in blazing flames.
Throw: 47 darts (poison)
Aim: a deep elf pyromancer, wielding a +0 long sword (flame, severely wounded, 54% to hit)
You throw a poisoned dart.
The poisoned dart barely misses the centaur warrior.
The poisoned dart barely misses the deep elf pyromancer.
The centaur warrior shouts!
You hear a shout!
Throw: 46 darts (poison)
Aim: a deep elf pyromancer, wielding a +0 long sword (severely wounded, 56% to hit)
You throw a poisoned dart.
The poisoned dart barely misses the centaur warrior.
The poisoned dart hits the fire elemental.
The deep elf pyromancer casts a spell.
The centaur warrior hits you but does no damage.
You block the centaur warrior's attack.
The centaur warrior wields a +0 shortbow.
The centaur warrior shoots an arrow.
The arrow hits you!!
* * * LOW HITPOINT WARNING * * *
The centaur warrior shoots an arrow.
The arrow hits you!
You die...

.#.....##.......###.......##
.#.....#.#.#.#.#.###.....##
.#.....###############'###
.#####.# ..#....)).##
.#.....# #.#.#......##
.#.....# #.#.###.....#
.#.....# #.#...#)###.#
.#.....# ∆ #.'....##...#
.......# #@#...#[....#
.......# #.#..##....##
.......# ☼ #c#..#....##
.#####.# E(e°○E†.##.....##
.# .# ################ ## ..
.


You could see a centaur warrior.

Vanquished Creatures
  Harold (D:7)
  A two-headed ogre (D:5)
  2 orc sorcerers (D:9)
  A deep elf pyromancer (D:9)
  A cyclops (D:9)
  A manticore (D:9)
  Joseph (D:7)
  A meliai (shapeshifter) (D:9)
  A wraith (D:9)
  A shadow (D:9)
  A steam dragon (D:8)
  3 water moccasins
  Duvessa (D:7)
  An ice beast (D:6)
  3 orc warriors
  3 black bears (D:5)
  2 ogres
  A necrophage (D:7)
  A centaur (D:5)
  A phantom (D:6)
  2 kobold brigands
  A gnoll sergeant (D:6)
  Dowan (D:7)
  2 bullfrogs
  3 scorpions
  A water moccasin skeleton (D:4)
  5 wights
  3 howler monkeys
  3 centaur zombies
  2 jellies (D:6)
  4 hounds
  A bullfrog skeleton (D:6)
  2 orc priests
  An iguana (D:5)
  2 killer bee zombies
  17 orc wizards
  A mummy (D:8)
  A howler monkey zombie (D:9)
  5 gnolls (D:6)
  A howler monkey skeleton (D:7)
  14 adders
  An adder skeleton (D:4)
  4 worms
  3 dart slugs
  20 orcs
  7 ball pythons
  2 endoplasms
  3 giant cockroaches
  5 hobgoblins
  13 jackals
  5 quokkas
  7 bats
  4 frilled lizards
  9 goblins
  8 kobolds
  6 rats
197 creatures vanquished.

Vanquished Creatures (others)
  A plant (D:1)
1 creature vanquished.

Grand Total: 198 creatures vanquished

Notes
Turn   | Place    | Note
-------+----------+-------------------------------------------
     0 | D:1      | dipablo the Gnoll Fighter began the quest for the Orb.
     0 | D:1      | Reached XP level 1. HP: 23/23 MP: 1/1
   172 | D:1      | Reached XP level 2. HP: 27/29 MP: 2/2
   184 | D:1      | Found a faded altar of an unknown god.
   243 | D:1      | Found Filetaarr's Antique Armour Emporium.
   375 | D:1      | Reached XP level 3. HP: 35/35 MP: 3/3
   611 | D:2      | Reached skill level 1 in Invocations
   730 | D:2      | Reached skill level 1 in Long Blades
   730 | D:2      | Reached skill level 1 in Axes
   730 | D:2      | Reached skill level 1 in Maces & Flails
   730 | D:2      | Reached skill level 1 in Polearms
   730 | D:2      | Reached skill level 1 in Staves
   730 | D:2      | Reached skill level 1 in Slings
   730 | D:2      | Reached skill level 1 in Bows
   730 | D:2      | Reached skill level 1 in Crossbows
   730 | D:2      | Reached skill level 1 in Throwing
   730 | D:2      | Reached skill level 1 in Dodging
   730 | D:2      | Reached skill level 1 in Stealth
   730 | D:2      | Reached skill level 1 in Unarmed Combat
   730 | D:2      | Reached skill level 1 in Spellcasting
   730 | D:2      | Reached skill level 1 in Evocations
   819 | D:2      | Reached XP level 4. HP: 41/41 MP: 5/5
  1293 | D:2      | Reached skill level 1 in Conjurations
  1293 | D:2      | Reached skill level 1 in Hexes
  1293 | D:2      | Reached skill level 1 in Summonings
  1293 | D:2      | Reached skill level 1 in Necromancy
  1293 | D:2      | Reached skill level 1 in Translocations
  1293 | D:2      | Reached skill level 1 in Transmutations
  1293 | D:2      | Reached skill level 1 in Fire Magic
  1293 | D:2      | Reached skill level 1 in Ice Magic
  1293 | D:2      | Reached skill level 1 in Air Magic
  1293 | D:2      | Reached skill level 1 in Earth Magic
  1293 | D:2      | Reached skill level 1 in Poison Magic
  1768 | D:3      | Reached XP level 5. HP: 44/47 MP: 6/6
  2316 | D:4      | Noticed an ogre
  2332 | D:4      | HP: 8/47 [ogre (16)]
  2348 | D:3      | HP: 10/47 [jackal (1)]
  2900 | D:3      | Killed an ogre
  2901 | D:3      | Reached skill level 2 in Invocations
  2901 | D:3      | Reached XP level 6. HP: 31/53 MP: 8/8
  3089 | D:4      | Reached skill level 5 in Short Blades
  3089 | D:4      | Reached skill level 2 in Long Blades
  3089 | D:4      | Reached skill level 2 in Axes
  3089 | D:4      | Reached skill level 2 in Maces & Flails
  3089 | D:4      | Reached skill level 2 in Polearms
  3089 | D:4      | Reached skill level 2 in Staves
  3089 | D:4      | Reached skill level 2 in Slings
  3089 | D:4      | Reached skill level 2 in Bows
  3089 | D:4      | Reached skill level 2 in Crossbows
  3089 | D:4      | Reached skill level 2 in Throwing
  3089 | D:4      | Reached skill level 2 in Dodging
  3089 | D:4      | Reached skill level 2 in Stealth
  3089 | D:4      | Reached skill level 2 in Unarmed Combat
  3089 | D:4      | Reached skill level 2 in Spellcasting
  3089 | D:4      | Reached skill level 2 in Evocations
  3773 | D:4      | Reached XP level 7. HP: 38/59 MP: 10/10
  4131 | D:4      | Found Cuacuhil's Weapon Shop.
  4179 | D:4      | Identified the +10 spear of Symmetry {vorpal, Str+3}
  4248 | D:5      | Entered Level 5 of the Dungeon
  4272 | D:5      | Reached skill level 7 in Fighting
  4272 | D:5      | Reached skill level 7 in Armour
  4272 | D:5      | Reached skill level 7 in Shields
  4414 | D:5      | Reached skill level 2 in Conjurations
  4414 | D:5      | Reached skill level 2 in Hexes
  4414 | D:5      | Reached skill level 2 in Summonings
  4414 | D:5      | Reached skill level 2 in Necromancy
  4414 | D:5      | Reached skill level 2 in Translocations
  4414 | D:5      | Reached skill level 2 in Transmutations
  4414 | D:5      | Reached skill level 2 in Fire Magic
  4414 | D:5      | Reached skill level 2 in Ice Magic
  4414 | D:5      | Reached skill level 2 in Air Magic
  4414 | D:5      | Reached skill level 2 in Earth Magic
  4414 | D:5      | Reached skill level 2 in Poison Magic
  4437 | D:5      | Reached skill level 3 in Invocations
  4442 | D:5      | Reached XP level 8. HP: 41/67 MP: 10/12
  4632 | D:5      | Reached skill level 3 in Long Blades
  4632 | D:5      | Reached skill level 3 in Axes
  4632 | D:5      | Reached skill level 3 in Maces & Flails
  4632 | D:5      | Reached skill level 3 in Polearms
  4632 | D:5      | Reached skill level 3 in Staves
  4632 | D:5      | Reached skill level 3 in Slings
  4632 | D:5      | Reached skill level 3 in Bows
  4632 | D:5      | Reached skill level 3 in Crossbows
  4632 | D:5      | Reached skill level 3 in Throwing
  4632 | D:5      | Reached skill level 3 in Dodging
  4632 | D:5      | Reached skill level 3 in Stealth
  4632 | D:5      | Reached skill level 3 in Unarmed Combat
  4632 | D:5      | Reached skill level 3 in Spellcasting
  4632 | D:5      | Reached skill level 3 in Evocations
  4786 | D:4      | HP: 15/67 [orc wizard/puff of flame (3)]
  4791 | D:4      | HP: 7/67 [orc wizard/magic dart (4)]
  5455 | D:5      | Found a staircase to the Ecumenical Temple.
  5466 | D:5      | Noticed a two-headed ogre
  5476 | D:5      | HP: 16/67 [two-headed ogre (26)]
  5477 | D:5      | Killed a two-headed ogre
  5478 | D:5      | Reached skill level 6 in Short Blades
  5478 | D:5      | Reached skill level 3 in Conjurations
  5478 | D:5      | Reached skill level 3 in Hexes
  5478 | D:5      | Reached skill level 3 in Summonings
  5478 | D:5      | Reached skill level 3 in Necromancy
  5478 | D:5      | Reached skill level 3 in Translocations
  5478 | D:5      | Reached skill level 3 in Transmutations
  5478 | D:5      | Reached skill level 3 in Fire Magic
  5478 | D:5      | Reached skill level 3 in Ice Magic
  5478 | D:5      | Reached skill level 3 in Air Magic
  5478 | D:5      | Reached skill level 3 in Earth Magic
  5478 | D:5      | Reached skill level 3 in Poison Magic
  5478 | D:5      | Reached skill level 4 in Invocations
  5478 | D:5      | Reached XP level 9. HP: 17/73 MP: 12/14
  6038 | Temple   | Entered the Ecumenical Temple
  6164 | D:6      | Reached skill level 4 in Long Blades
  6164 | D:6      | Reached skill level 4 in Axes
  6164 | D:6      | Reached skill level 4 in Maces & Flails
  6164 | D:6      | Reached skill level 4 in Polearms
  6164 | D:6      | Reached skill level 4 in Staves
  6164 | D:6      | Reached skill level 4 in Slings
  6164 | D:6      | Reached skill level 4 in Bows
  6164 | D:6      | Reached skill level 4 in Crossbows
  6164 | D:6      | Reached skill level 4 in Throwing
  6164 | D:6      | Reached skill level 4 in Dodging
  6164 | D:6      | Reached skill level 4 in Stealth
  6164 | D:6      | Reached skill level 4 in Unarmed Combat
  6164 | D:6      | Reached skill level 4 in Spellcasting
  6164 | D:6      | Reached skill level 4 in Evocations
  6714 | D:6      | HP: 18/74 [gnoll (2)]
  7512 | D:6      | Reached skill level 8 in Fighting
  7512 | D:6      | Reached skill level 8 in Armour
  7512 | D:6      | Reached skill level 8 in Shields
  7844 | D:6      | Found Sacask's General Store.
  7860 | D:6      | Found Wyituh's Specific Store.
  8197 | D:7      | Reached skill level 5 in Invocations
  8238 | D:7      | Noticed Harold
  8244 | D:7      | Learned a level 3 spell: Portal Projectile
  8251 | D:7      | Killed Harold
  8252 | D:7      | Reached skill level 4 in Conjurations
  8252 | D:7      | Reached skill level 4 in Hexes
  8252 | D:7      | Reached skill level 4 in Summonings
  8252 | D:7      | Reached skill level 4 in Necromancy
  8252 | D:7      | Reached skill level 4 in Translocations
  8252 | D:7      | Reached skill level 4 in Transmutations
  8252 | D:7      | Reached skill level 4 in Fire Magic
  8252 | D:7      | Reached skill level 4 in Ice Magic
  8252 | D:7      | Reached skill level 4 in Air Magic
  8252 | D:7      | Reached skill level 4 in Earth Magic
  8252 | D:7      | Reached skill level 4 in Poison Magic
  8252 | D:7      | Reached XP level 10. HP: 56/80 MP: 15/17
  8253 | D:7      | Reached skill level 5 in Long Blades
  8253 | D:7      | Reached skill level 5 in Axes
  8253 | D:7      | Reached skill level 5 in Maces & Flails
  8253 | D:7      | Reached skill level 5 in Polearms
  8253 | D:7      | Reached skill level 5 in Staves
  8253 | D:7      | Reached skill level 5 in Slings
  8253 | D:7      | Reached skill level 5 in Bows
  8253 | D:7      | Reached skill level 5 in Crossbows
  8253 | D:7      | Reached skill level 5 in Throwing
  8253 | D:7      | Reached skill level 5 in Dodging
  8253 | D:7      | Reached skill level 5 in Stealth
  8253 | D:7      | Reached skill level 5 in Unarmed Combat
  8253 | D:7      | Reached skill level 5 in Spellcasting
  8253 | D:7      | Reached skill level 5 in Evocations
  8580 | D:7      | Noticed Joseph
  8581 | D:7      | Noticed Duvessa
  8581 | D:7      | Noticed Dowan
  8603 | D:7      | Killed Duvessa
  8604 | D:7      | Killed Dowan
  8749 | D:7      | Killed Joseph
  8750 | D:7      | Reached skill level 7 in Short Blades
  9828 | D:8      | Found Nilog's Jewellery Emporium.
  9960 | D:8      | Found a snail-covered altar of Cheibriados.
 10045 | D:8      | Became a worshipper of Cheibriados the Contemplative
 10578 | D:9      | Reached skill level 6 in Invocations
 10578 | D:9      | Noticed a cyclops
 10588 | D:9      | Killed a cyclops
 10786 | D:9      | Noticed an orc sorcerer
 10790 | D:9      | Noticed a soul eater
 10791 | D:9      | Killed an orc sorcerer
 10792 | D:9      | Reached XP level 11. HP: 83/87 MP: 19/19
 10810 | D:9      | Noticed an orc sorcerer
 10815 | D:9      | Noticed a deep elf pyromancer
 10819 | D:9      | Killed an orc sorcerer
 10822 | D:9      | HP: 19/87 [burnt (6)]
 10823 | D:9      | Killed a deep elf pyromancer
 10824 | D:9      | Reached skill level 9 in Fighting
 10824 | D:9      | Reached skill level 6 in Long Blades
 10824 | D:9      | Reached skill level 6 in Axes
 10824 | D:9      | Reached skill level 6 in Maces & Flails
 10824 | D:9      | Reached skill level 6 in Polearms
 10824 | D:9      | Reached skill level 6 in Staves
 10824 | D:9      | Reached skill level 6 in Slings
 10824 | D:9      | Reached skill level 6 in Bows
 10824 | D:9      | Reached skill level 6 in Crossbows
 10824 | D:9      | Reached skill level 6 in Throwing
 10824 | D:9      | Reached skill level 9 in Armour
 10824 | D:9      | Reached skill level 6 in Dodging
 10824 | D:9      | Reached skill level 6 in Stealth
 10824 | D:9      | Reached skill level 9 in Shields
 10824 | D:9      | Reached skill level 6 in Unarmed Combat
 10824 | D:9      | Reached skill level 6 in Spellcasting
 10824 | D:9      | Reached skill level 6 in Evocations
 11157 | D:9      | Noticed a deep elf pyromancer
 11157 | D:9      | Noticed a manticore
 11161 | D:9      | Reached skill level 5 in Conjurations
 11161 | D:9      | Reached skill level 5 in Hexes
 11161 | D:9      | Reached skill level 5 in Summonings
 11161 | D:9      | Reached skill level 5 in Necromancy
 11161 | D:9      | Reached skill level 5 in Translocations
 11161 | D:9      | Reached skill level 5 in Transmutations
 11161 | D:9      | Reached skill level 5 in Fire Magic
 11161 | D:9      | Reached skill level 5 in Ice Magic
 11161 | D:9      | Reached skill level 5 in Air Magic
 11161 | D:9      | Reached skill level 5 in Earth Magic
 11161 | D:9      | Reached skill level 5 in Poison Magic
 11170 | D:9      | Killed a manticore
 11179 | D:9      | Noticed a centaur warrior
 11182 | D:9      | HP: 9/89 [centaur warrior/arrow (19)]
 11183 | D:9      | Shot with an arrow by a centaur warrior

Illustrated notes

Levels and vault maps discovered:
D:1:      lightli_arrival_quake, layout_rooms,
          shapermc_ecumenical_altar_mp_ritualfount, serial_shops,
          nicolae_shop_waterfront
D:2:      minmay_diamond_boxcup, layout_rooms
D:3:      layout_basic, kennysheep_generic_room_9
D:4:      layout_loops_ring, serial_shops, shop,
          minmay_a_box_with_orc_wizards_in_it
D:5:      layout_cave_pools, minmay_temple_entry_grid, minmay_between
D:6:      layout_loops_ring, nicolae_specific_store
D:7:      layout_rooms, nicolae_water_bricks, uniq_duvessa, uniq_joseph,
          uniq_harold
D:8:      layout_gridville, chei_slow_surprise, serial_shops,
          nicolae_shop_behind_doors
D:9:      layout_grid_maze, orc_0_dummy, minmay_the_grid_2x2
          [minmay_the_grid_tiny_cups, minmay_the_grid_outer_circle,
          minmay_the_grid_tri_star, minmay_the_grid_prize_shrinking_boxes]
Temple:   grunt_wide_crystal_templ

Skill      XL: |  1  2  3  4  5  6  7  8  9 10 11 |
---------------+----------------------------------+-----
Invocations    | 1 2 3 4 5 6 |  6.6
Long Blades    | 1 2 3 4 5 6 |  6.1
Axes           | 1 2 3 4 5 6 |  6.1
Maces & Flails | 1 2 3 4 5 6 |  6.1
Polearms       | 1 2 3 4 5 6 |  6.1
Staves         | 1 2 3 4 5 6 |  6.1
Slings         | 1 2 3 4 5 6 |  6.1
Bows           | 1 2 3 4 5 6 |  6.1
Crossbows      | 1 2 3 4 5 6 |  6.1
Throwing       | 1 2 3 4 5 6 |  6.1
Dodging        | 1 2 3 4 5 6 |  6.1
Stealth        | 1 2 3 4 5 6 |  6.1
Unarmed Combat | 1 2 3 4 5 6 |  6.1
Spellcasting   | 1 2 3 4 5 6 |  6.1
Evocations     | 1 2 3 4 5 6 |  6.1
Conjurations   | 1 2 3 4 5 |  5.0
Hexes          | 1 2 3 4 5 |  5.0
Summonings     | 1 2 3 4 5 |  5.0
Necromancy     | 1 2 3 4 5 |  5.0
Translocations | 1 2 3 4 5 |  5.0
Transmutations | 1 2 3 4 5 |  5.0
Fire Magic     | 1 2 3 4 5 |  5.0
Ice Magic      | 1 2 3 4 5 |  5.0
Air Magic      | 1 2 3 4 5 |  5.0
Earth Magic    | 1 2 3 4 5 |  5.0
Poison Magic   | 1 2 3 4 5 |  5.0
Short Blades   | 5 6 7 |  7.7
Fighting       | 7 8 9 |  9.0
Armour         | 7 8 9 |  9.0
Shields        | 7 8 9 |  9.0

Action                   |  1- 3 |  4- 6 |  7- 9 | 10-12 || total
-------------------------+-------+-------+-------+-------++-------
Melee: Rapier            |   110 |   228 |    22 |       ||   360
       Bite              |     6 |    20 |    19 |    25 ||    70
       Spear             |       |       |   203 |   219 ||   422
Throw: Dart              |       |       |     4 |     8 ||    12
Evoke: Wand              |       |       |     3 |     9 ||    12
  Use: Potion            |       |     1 |     2 |       ||     3
 Stab: Distracted        |       |       |       |     1 ||     1
       Paralysed         |       |       |       |     2 ||     2
Armor: Scale mail        |    52 |   141 |    92 |    16 ||   301
       Skin              |       |       |     5 |       ||     5
       Plate armour      |       |       |       |    26 ||    26
Dodge: Dodged            |    34 |    74 |    88 |    99 ||   295
Block: Kite shield       |    57 |    99 |   126 |    86 ||   368

Table legend: (Time is in decaauts)
 A = Elapsed time spent in this place.
 B = Non-inter-level travel time spent in this place.
 C = Inter-level travel time spent in this place.
 D = Time resting spent in this place.
 E = Time spent auto-exploring this place.
 F = Levels seen in this place.
 G = Mean time per level.
                   A        B        C        D        E       F      G
               +--------+--------+--------+--------+--------+-----+--------+
         Total |  11388 |  11060 |    328 |   3013 |   6355 |  10 | 1138.8 |
       Dungeon |  11331 |  11011 |    320 |   3013 |   6306 |   9 | 1259.0 |
        Temple |     57 |     49 |      8 |      0 |     49 |   1 |   57.0 |
               +--------+--------+--------+--------+--------+-----+--------+

Top non-repeatable levels by time:
     D:5: 2147 daAuts
     D:4: 1619 daAuts
     D:2: 1381 daAuts
     D:3: 1224 daAuts
     D:6: 1142 daAuts
     D:8: 1132 daAuts
     D:9: 1054 daAuts
     D:7: 1036 daAuts
     D:1: 591 daAuts
  Temple: 57 daAuts

Table legend:
 A = Kills in this place as a percentage of kills in entire the game.
 B = Kills by you in this place as a percentage of kills by you in the entire game.
 C = Kills by friends in this place as a percentage of kills by friends in the entire game.
 D = Other kills in this place as a percentage of other kills in the entire game.
 E = Experience gained in this place as a percentage of experience gained in the entire game.
 F = Experience gained in this place divided by the number of levels of this place that you have seen.
                   A       B       C       D       E      F
               +-------+-------+-------+-------+-------+----------------------
         Total | 100.0 | 100.0 |   N/A |   N/A | 100.0 | 1120.1
       Dungeon | 100.0 | 100.0 |   N/A |   N/A | 100.0 | 1244.6
               +-------+-------+-------+-------+-------+----------------------
